 Dungeon Crawl Stone Soup version 0.18.1-5-g4a78601 (webtiles) character file.

382 MARSONE the Skirmisher (level 6, 0/40 HPs)
             Began as a Gargoyle Fighter on May 10, 2016.
             Slain by Purgy (2 damage)
             ... on level 3 of the Dungeon.
             The game lasted 00:30:28 (2751 turns).

MARSONE the Skirmisher (Gargoyle Fighter)           Turns: 2751, Time: 00:30:29

Health: 0/40       AC: 14    Str: 22    XL:     6   Next: 76%
Magic:  15/15      EV:  6    Int:  8    God:
Gold:   98         SH:  9    Dex:  9    Spells: 0 memorised, 5 levels left

rFire  . . .     SeeInvis .     a - +0 flail
rCold  . . .     Gourm    .     D - +0 chain mail
rNeg   + . .     Faith    .     c - +0 shield
rPois  ∞         Spirit   .     (no helmet)
rElec  +         Dismiss  .     (no cloak)
rCorr  .         Reflect  .     (no gloves)
SustAt .         Harm     .     (no boots)
MR     .....                    (no amulet)
Stlth  ..........               (no ring)
                                o - ring of magical power

@: not resistant to hostile enchantments, extremely unstealthy
A: negative energy resistance 1, electricity resistance, unbreathing,
petrification resistance, rot immunity, AC +4
a: no special abilities


You were on level 3 of the Dungeon.
You were not hungry.

You visited 1 branch of the dungeon, and saw 3 of its levels.

You collected 98 gold pieces.

Inventory:

Hand Weapons
 a - a +0 flail (weapon)
 e - a cursed -2 club
 g - a +0 club
 j - a +0 hand axe
 v - a +0 mace
 x - a +0 mace
 y - a +4 quarterstaff of chaos
 C - a cursed -2 hand axe
Missiles
 l - 61 stones (quivered)
 r - 38 arrows
Armour
 c - a +0 shield (worn)
 h - a +0 leather armour
 A - a +2 cloak of invisibility
 D - a +0 chain mail (worn)
Jewellery
 o - a ring of magical power (left hand)
Wands
 n - a wand of flame (36/48)
Scrolls
 q - a scroll of identify {unknown}
Potions
 d - a potion of might
 i - 4 potions of degeneration {unknown}
 k - a potion of curing {unknown}
 s - a potion of cure mutation {unknown}
 u - a potion of heal wounds
 z - 2 potions of lignification {unknown}
Comestibles
 b - 5 fruits
 f - 2 bread rations
 m - 2 meat rations
 p - a beef jerky
 B - a chunk of flesh


   Skills:
 + Level 4.9 Fighting
 + Level 3.8 Maces & Flails
 + Level 4.9 Armour
 - Level 0.1 Dodging
 + Level 4.9 Shields


You had 5 spell levels left.
You didn't know any spells.

Dungeon Overview and Level Annotations

Branches:
Dungeon (3/15)

Altars:
Fedhas

Annotations:
D:3 Purgy


Innate Abilities, Weirdness & Mutations

You are resistant to torment.
Your stone body is resilient (AC +4).
You are immune to poison.
You resist negative energy.
You are resistant to electric shocks.
You can survive without breathing.
You are immune to petrification.
You are immune to rotting.


Message History

You block Purgy's attack. Purgy barely misses you. Purgy claws you.
* * * LOW HITPOINT WARNING * * *
You hit Purgy.
Purgy is severely wounded.
Purgy bites you but does no damage. Purgy claws you but does no damage.
Purgy claws you.
* * * LOW HITPOINT WARNING * * *
You hit Purgy.
Purgy is severely wounded.
You block Purgy's attack. Purgy claws you but does no damage.
You block Purgy's attack. x2; Purgy claws you but does no damage. x2
You completely miss Purgy.
Purgy is heavily wounded.
You block Purgy's attack. x2; Purgy claws you.
* * * LOW HITPOINT WARNING * * *
You closely miss Purgy.
Purgy is heavily wounded.
Purgy bites you but does no damage. Purgy claws you but does no damage. x2
You block Purgy's attack. x2; Purgy claws you.
You die...

#. ##.# #### #..# .. #$.# ..#
#..# .# #..# #.# #..# .# #..# #.#
#..# .## #..# ##.## #..# ..####
#..# #####...###..# #....## #..#
#.............
......#########T.#.#.###...######
.....÷..........@..#.# ##.##
#.....#########..###.# #.#
##...## #......####.#### ###.##
##.###.........# .##.# #.#
#.####.##.# ###.# #.# #.# #.##.#
# #.# #.# #.# #.##.# # #. #.# #.#
#.##.#### # #.# #.......#


You could see Purgy.

Vanquished Creatures
  Sigmund (D:3)
  Crazy Yiuf (D:2)
  Natasha (thrice) (D:3)
  The ghost of namelastname112 the Magician, a weakling DrWz (D:3)
  A gnoll (D:2)
  5 adders (D:3)
  A worm (D:3)
  2 dart slugs
  3 orcs (D:3)
  9 bats
  A giant cockroach (D:2)
  7 goblins
  3 hobgoblins
  2 kobolds
  A quokka (D:3)
  3 giant newts
  6 rats
  4 plants (D:3)
54 creatures vanquished.

Notes
Turn   | Place    | Note
--------------------------------------------------------------
     0 | D:1      | MARSONE the Gargoyle Fighter began the quest for the Orb.
     0 | D:1      | Reached XP level 1. HP: 14/14 MP: 1/1
   256 | D:1      | Reached XP level 2. HP: 19/19 MP: 2/2
   969 | D:2      | Reached XP level 3. HP: 22/23 MP: 3/3
  1038 | D:2      | Noticed Sigmund
  1231 | D:3      | Killed Sigmund
  1231 | D:3      | Reached XP level 4. HP: 9/30 MP: 4/4
  1231 | D:3      | Reached XP level 5. HP: 10/34 MP: 5/5
  1474 | D:3      | Noticed Natasha
  1489 | D:3      | Killed Natasha
  1489 | D:3      | Reached XP level 6. HP: 11/39 MP: 6/6
  1861 | D:3      | Noticed Crazy Yiuf
  1921 | D:2      | Killed Crazy Yiuf
  2233 | D:3      | Noticed namelastname112's ghost (weakling DrWz)
  2275 | D:3      | Killed namelastname112's ghost
  2278 | D:3      | Noticed Natasha
  2305 | D:3      | Killed Natasha
  2335 | D:3      | Noticed Natasha
  2364 | D:3      | Killed Natasha
  2488 | D:3      | Found a blossoming altar of Fedhas.
  2707 | D:3      | Noticed Purgy
  2749 | D:3      | HP: 2/40 [Purgy (3)]
  2751 | D:3      | Slain by Purgy

Skill      XL: |  1  2  3 |
---------------+----------+-----
Fighting       | 4 |  4.9
Maces & Flails | 3 |  3.8
Armour         | 4 |  4.9
Shields        | 4 |  4.9
Dodging        | |  0.1

Action                   |  1- 3 |  4- 6 || total
-------------------------+-------+-------++-------
Melee: Flail             |   109 |   261 ||   370
Throw: Stone             |     8 |     8 ||    16
  Use: Scroll            |     1 |     1 ||     2
       Potion            |     1 |       ||     1
  Eat: Chunk             |       |     2 ||     2
       Bread ration      |       |     1 ||     1
Armor: Scale mail        |    66 |    61 ||   127
       Chain mail        |       |    89 ||    89
Dodge: Dodged            |    44 |    58 ||   102
Block: Shield            |    81 |   104 ||   185
